 Dungeon Crawl Stone Soup version 0.24-a0-388-gb57f36d6e0 (webtiles) character file.

Game seed: 13575889829057426643

14494 Peloso the Carver (level 11, -6/99 HPs)
             Began as a Minotaur Fighter on June 4, 2019.
             Was a High Priest of Okawaru.
             Headbutted by a minotaur (15 damage)
             ... in a Gauntlet.
             The game lasted 00:29:29 (11513 turns).

Peloso the Carver (Minotaur Fighter)               Turns: 11513, Time: 00:29:29

Health: -6/99      AC: 11    Str: 22    XL:     11   Next: 89%
Magic:  0/2        EV: 20    Int:  5    God:    Okawaru [*****.]
Gold:   558        SH: 16    Dex: 19    Spells: 10/10 levels left

rFire    . . .     SeeInvis .   a - +8 demon blade of a Labyrinth {flame, +Inv rN+ MP-9 Dex+3}
rCold    . . .     Gourm    .   c - +1 shield
rNeg     + . .     Faith    .   i - +0 acid dragon scales
rPois    .         Spirit   +   x - +2 hat
rElec    .         Reflect  .   z - scarf {Spirit}
rCorr    +         Harm     .   (no gloves)
MR       .....     NoTele   +   (no boots)
Stlth    ++++......             (no amulet)
HPRegen  0.26/turn              m - +4 ring of dexterity
MPRegen  0.08/turn              E - +3 ring of slaying

@: heroism
A: retaliatory headbutt, horns 2
a: Heroism, Finesse, Renounce Religion, Evoke Invisibility


You were in a Gauntlet.
You worshipped Okawaru.
Okawaru was extremely pleased with you.
You were near starving.

You visited 2 branches of the dungeon, and saw 12 of its levels.
You also visited: Sewer, Bailey and Gauntlet.

You collected 628 gold pieces.
You spent 70 gold pieces at shops.

Inventory:

Hand Weapons
 a - the +8 demon blade of a Labyrinth (weapon) {flame, +Inv rN+ MP-9 Dex+3}
   (Okawaru gifted it to you in a Gauntlet)

   It has been specially enchanted to burn those struck by it, causing extra
   injury to most foes and up to half again as much damage against particularly
   susceptible opponents.
   Big, fiery blades are also staple armaments of hydra-hunters.
   It affects your dexterity (+3).
   It protects you from negative energy.
   It affects your magic capacity (-9).
   It lets you turn invisible.
 b - a +5 scimitar of flaming
 h - the +6 spear "Faptevvy" {pierce, rPois rC+ Int+3}
   (You found it on level 8 of the Dungeon)

   It inflicts extra damage upon your enemies.
   It affects your intelligence (+3).
   It protects you from cold.
   It protects you from poison.
Armour
 c - a +1 shield (worn)
 i - +0 acid dragon scales (worn)
 x - a +2 hat (worn)
 z - a scarf of spirit shield (worn)
 A - a +0 plate armour
Jewellery
 m - a +4 ring of dexterity (left hand)
 n - an uncursed ring of resist corrosion
 D - an uncursed ring of stealth
 E - a +3 ring of slaying (right hand)
 I - an uncursed ring of see invisible {unknown}
 L - an uncursed ring of wizardry {unknown}
 N - an uncursed amulet of the acrobat {unknown}
 S - an uncursed ring of see invisible {unknown}
Wands
 F - a wand of flame (21)
 Q - a wand of digging (6)
 R - a wand of paralysis (9)
Scrolls
 e - 4 scrolls of fear
 j - 7 scrolls of remove curse
 p - 4 scrolls of enchant weapon
 q - 2 scrolls of identify
 r - a scroll of immolation {unknown}
 t - 7 scrolls of teleportation
 v - 2 scrolls of enchant armour
 y - 2 scrolls of amnesia
 H - 3 scrolls of summoning
 K - 2 scrolls of fog {unknown}
 M - a scroll of acquirement {unknown}
 P - a scroll of blinking
Potions
 d - 4 potions of might
 g - a potion of mutation
 k - a potion of berserk rage
 l - 2 potions of haste
 o - a potion of experience {unknown}
 s - 3 potions of agility
 u - a potion of resistance
 w - 4 potions of curing
 B - a potion of brilliance
 C - a potion of cancellation {unknown}
 G - 8 potions of flight
 J - 5 potions of invisibility {unknown}
 O - a potion of heal wounds
Comestibles
 f - 18 rations


   Skills:
 + Level 9.9(14.9) Fighting
 + Level 13.7(18.7) Long Blades
 + Level 9.0(14.0) Armour
 + Level 5.6(10.6) Dodging
 + Level 3.0(8.0) Stealth
 + Level 11.7(16.7) Shields
 + Level 1.4 Invocations
 + Level 0.1 Evocations


You had 10 spell levels left.
You didn't know any spells.
Your spell library was empty.

Dungeon Overview and Level Annotations

Branches:
Dungeon (11/15)            Temple (1/1) D:7
   Lair: D:8-11         Orc: D:9-12

Altars:
Ashenzari
Cheibriados
Elyvilon
Fedhas
Hepliaklqana
Kikubaaqudgha
Nemelex Xobeh
Okawaru
Qazlal
Ru
Trog
Vehumet
Wu Jian
Zin
The Shining One

Shops:
D:6 *   D:10 !

Annotations:
D:7 1 runed translucent door, anet's ghost, novice DEWz Gauntlet 6 transporters, 2 runed translucent doors


Innate Abilities, Weirdness & Mutations

You reflexively headbutt those who attack you in melee.
You have a pair of horns on your head.


Message History

You hit the minotaur. You burn the minotaur.
The minotaur is lightly wounded.
You barely miss the minotaur.
The minotaur furiously retaliates!
The minotaur headbutts you!
* * * LOW HITPOINT WARNING * * *
The minotaur is lightly wounded.
You block the minotaur's attack. x2
You hit the minotaur but do no damage.
The minotaur is lightly wounded.
You closely miss the minotaur.
The minotaur is lightly wounded.
The minotaur hits you with the +4 falchion of the Snake Pit {slice, rN+++ MR++ Str-5}!
* * * LOW HITPOINT WARNING * * *
x2 The minotaur gores you but does no damage.
You slash the minotaur! You burn the minotaur.
You headbutt the minotaur, but do no damage.
The minotaur is moderately wounded.
You barely miss the minotaur.
The minotaur furiously retaliates!
The minotaur headbutts you!
You die...

#.≈##...# #.###.⌠.#
#..##...# #...#.⌠.#
########## #.∩.#...#
#........#
#...#.©.####.######.#
..⌠.#......#.# .#.#
#...#.©.##.#.####H#.#
#.∩.#...##.#.(((@.#.#
#...#.⌠.##.########.#
#..##...##..........#
#.###.⌠.#############
#.≈##...# #.≈≈#.⌠.#
#.≈##...# #.## ..≈#


You could see a minotaur.

Vanquished Creatures
  Harold (D:10)
  Erica (D:8)
  2 two-headed ogres (D:10)
  A soul eater (Gauntlet)
  5 orc knights (Bailey)
  An oklob plant (Gauntlet)
  An apocalypse crab (Gauntlet)
  Prince Ribbit (D:5)
  A hippogriff (D:10)
  14 yaks
  A human (D:7)
  A steam dragon (D:9)
  2 hogs (D:7)
  Grum (D:8)
  Edmund (D:4)
  An acid dragon (Gauntlet)
  11 orc warriors
  A black bear (D:5)
  2 ice beasts
  4 ogres
  3 phantoms
  A necrophage (D:4)
  2 wolves (D:8)
  6 centaurs
  A big kobold (D:10)
  4 bullfrogs
  A wyvern skeleton (D:6)
  2 scorpions
  8 killer bees
  11 wights
  A centaur zombie (D:7)
  A bullfrog zombie (D:6)
  6 crimson imps
  2 jellies
  A centaur skeleton (D:10)
  2 hounds
  Crazy Yiuf (D:2)
  4 orc priests
  A bullfrog skeleton (D:5)
  3 iguanas
  3 orc wizards
  5 worker ants
  A killer bee zombie (D:6)
  3 worker ant zombies
  Robin (D:1)
  3 gnolls (D:5)
  5 adders
  4 shadow imps
  An adder zombie (D:5)
  7 oozes
  An adder skeleton (D:7)
  8 worms
  2 dart slugs
  5 leopard geckos
  46 orcs
  5 ball pythons
  9 giant cockroaches
  12 goblins
  11 hobgoblins
  7 jackals
  4 quokkas
  10 bats
  2 frilled lizards
  A giant cockroach zombie (D:6)
  11 kobolds
  4 rats (D:3)
285 creatures vanquished.

Notes
Turn   | Place    | Note
-------+----------+-------------------------------------------
     0 | D:1      | Peloso the Minotaur Fighter began the quest for the Orb.
     0 | D:1      | Reached XP level 1. HP: 19/19 MP: 0/0
    35 | D:1      | Reached XP level 2. HP: 24/27 MP: 1/1
   699 | D:1      | Reached XP level 3. HP: 33/33 MP: 2/2
   917 | D:2      | Found a runed translucent door.
   918 | D:2      | Noticed Crazy Yiuf
  1210 | D:2      | Noticed Robin
  1351 | D:1      | Killed Robin
  1351 | D:1      | Reached XP level 4. HP: 14/41 MP: 3/3
  1653 | D:2      | Found a sacrificial altar of Ru.
  1745 | D:2      | Killed Crazy Yiuf
  1745 | D:2      | Reached skill level 3 in Long Blades
  2107 | D:3      | Reached XP level 5. HP: 47/47 MP: 4/4
  2417 | D:4      | Noticed a necrophage
  2428 | D:4      | Killed a necrophage
  2428 | D:4      | Reached skill level 4 in Long Blades
  2428 | D:4      | Reached skill level 1 in Dodging
  2428 | D:4      | Reached skill level 5 in Shields
  2736 | D:4      | Reached XP level 6. HP: 36/53 MP: 5/5
  2755 | D:4      | Found a bloodstained altar of Trog.
  3204 | D:4      | Noticed Edmund
  3227 | D:4      | Killed Edmund
  3227 | D:4      | Reached skill level 5 in Long Blades
  3227 | D:4      | Reached skill level 1 in Stealth
  3328 | D:5      | Entered Level 5 of the Dungeon
  3328 | D:5      | Noticed Prince Ribbit
  3336 | D:4      | Reached skill level 5 in Armour
  3336 | D:4      | Reached XP level 7. HP: 60/60 MP: 6/6
  3518 | D:5      | Killed Prince Ribbit
  3518 | D:5      | Reached skill level 5 in Fighting
  3518 | D:5      | Reached skill level 6 in Long Blades
  3777 | D:5      | Reached XP level 8. HP: 51/68 MP: 4/7
  4071 | D:6      | Reached skill level 7 in Long Blades
  4156 | D:6      | Found Zeyn's General Store.
  4414 | D:6      | Reached skill level 8 in Long Blades
  4512 | D:6      | Found a glowing drain.
  4522 | Sewer    | Entered a sewer
  5402 | D:7      | Found a runed translucent door.
  5402 | D:7      | Noticed anet's ghost (novice DEWz)
  5457 | D:7      | Reached XP level 9. HP: 73/75 MP: 8/8
  5653 | D:7      | Found a staircase to the Ecumenical Temple.
  5663 | Temple   | Entered the Ecumenical Temple
  5700 | Temple   | Became a worshipper of Warmaster Okawaru
  5746 | D:7      | Reached skill level 9 in Long Blades
  5766 | D:7      | Reached * piety under Okawaru
  6170 | D:8      | Noticed Grum
  6179 | D:8      | Killed Grum
  6179 | D:8      | Reached skill level 10 in Long Blades
  6179 | D:8      | Reached skill level 5 in Dodging
  6197 | D:8      | Found a flagged portal.
  6231 | D:8      | Got a jewelled spear
  6321 | D:8      | Reached ** piety under Okawaru
  6328 | Bailey   | Entered a bailey
  6832 | Bailey   | Reached XP level 10. HP: 39/86 MP: 3/9
  7109 | Bailey   | Noticed an orc knight
  7269 | Bailey   | Killed an orc knight
  7269 | Bailey   | Reached skill level 11 in Long Blades
  7506 | Bailey   | Noticed an orc knight
  7506 | Bailey   | Noticed an orc knight
  7515 | Bailey   | Noticed an orc knight
  7526 | Bailey   | Killed an orc knight
  7527 | Bailey   | Noticed an orc knight
  7535 | Bailey   | Killed an orc knight
  7535 | Bailey   | Reached skill level 1 in Invocations
  7559 | Bailey   | Killed an orc knight
  7559 | Bailey   | Reached *** piety under Okawaru
  7559 | Bailey   | Reached skill level 10 in Shields
  7573 | Bailey   | Killed an orc knight
  8191 | D:8      | Found an ancient bone altar of Kikubaaqudgha.
  8400 | D:8      | Noticed Erica
  8419 | D:8      | Killed Erica
  8419 | D:8      | Reached skill level 12 in Long Blades
  8419 | D:8      | Reached XP level 11. HP: 50/95 MP: 5/10
  8995 | D:8      | Identified the +6 spear "Faptevvy" {pierce, rPois rC+
                  | Int+3} (You found it on level 8 of the Dungeon)
  9306 | D:8      | Reached **** piety under Okawaru
  9647 | D:9      | Found a snail-covered altar of Cheibriados.
  9958 | D:9      | Found a sparkling altar of Nemelex Xobeh.
 10031 | D:10     | Entered Level 10 of the Dungeon
 10137 | D:10     | Noticed Harold
 10153 | D:10     | Killed Harold
 10188 | D:10     | Noticed a two-headed ogre
 10189 | D:10     | Found Utits's Distillery.
 10194 | D:10     | Killed a two-headed ogre
 10194 | D:10     | Reached skill level 13 in Long Blades
 10201 | D:10     | Bought a potion of heal wounds for 70 gold pieces
 10242 | D:10     | Reached ***** piety under Okawaru
 10796 | D:10     | Noticed a two-headed ogre
 10801 | D:10     | Killed a two-headed ogre
 11087 | D:11     | Found a gate leading to a gauntlet.
 11099 | Gauntlet | Entered a Gauntlet
 11099 | Gauntlet | Found a transporter.
 11099 | Gauntlet | Found a transporter.
 11101 | Gauntlet | Found a transporter.
 11102 | Gauntlet | Noticed a soul eater
 11104 | Gauntlet | Found a transporter.
 11105 | Gauntlet | Found a transporter.
 11105 | Gauntlet | Found a transporter.
 11134 | Gauntlet | Found a runed translucent door.
 11134 | Gauntlet | Found a runed translucent door.
 11138 | Gauntlet | Found a transporter.
 11142 | Gauntlet | Found a transporter.
 11150 | Gauntlet | Found a transporter.
 11166 | Gauntlet | Found a transporter.
 11180 | Gauntlet | Found a transporter.
 11184 | Gauntlet | Found a transporter.
 11233 | Gauntlet | Noticed an oklob plant
 11307 | Gauntlet | Killed a soul eater
 11377 | Gauntlet | Killed an oklob plant
 11377 | Gauntlet | Received a gift from Okawaru
 11392 | Gauntlet | Got a fine demon blade {god gift}
 11393 | Gauntlet | Identified the +8 demon blade of a Labyrinth {flame, +Inv
                  | rN+ MP-9 Dex+3} (Okawaru gifted it to you in a Gauntlet)
 11503 | Gauntlet | Identified the +4 falchion of the Snake Pit {slice, rN+++
                  | MR++ Str-5}
 11503 | Gauntlet | Noticed a minotaur
 11513 | Gauntlet | Headbutted by a minotaur

Levels and vault maps discovered:
D:1:      lemuel_arrival_hallway, layout_loops_corners
D:2:      layout_loops_cross, nicolae_ru_the_path_less_chosen,
          uniq_crazy_yiuf_cottage, uniq_robin
D:3:      layout_rooms
D:4:      layout_loops_ring, first_ration, serial_bayou, serial_bayou_shore_a,
          serial_bayou_lagoon_b, serial_bayou_ford_a, serial_bayou_pond_e,
          trog_book, uniq_edmund
D:5:      layout_rooms, uniq_prince_ribbit1
D:6:      layout_loops_ring, portal_sewer_entry_f, serial_shops, shop_statue
D:7:      layout_rooms, minmay_temple_entry_hall,
          hellmonk_ghost_happy_afterlife, grunt_livestock
D:8:      layout_gridville, enter_bailey_2, basic_altar, uniq_grum, uniq_erica
D:9:      layout_basic, basic_altar, nemelex_diamond_rough_becter
D:10:     layout_stronghold, serial_shops, shop, lemuel_old_faithful,
          uniq_harold
D:11:     layout_roguey, erik_lair_orcish_takeover, gauntlet_entry_generic,
          eino_curves_03
Temple:   nicolae_temple_the_god_donut
Gauntlet: minmay_gauntlet_77_indecision [minmay_gauntlet_arena_77_mirror,
          minmay_gauntlet_arena_77_chump_sandwich,
          minmay_gauntlet_arena_77_shame_cube,
          minmay_gauntlet_arena_77_hold_the_fort,
          minmay_gauntlet_arena_77_broken_ladder, minmay_gauntlet_arena_77_box,
          gauntlet_exit_spiral]

Skill      XL: |  1  2  3  4  5  6  7  8  9 10 11 |
---------------+----------------------------------+-----
Fighting       | 4 5 6 7 8 9 |  9.9
Armour         | 4 5 6 8 9 |  9.0
Shields        | 4 5 6 7 8 10 11 | 11.7
Long Blades    | 3 4 5 6 8 10 12 13 | 13.7
Dodging        | 1 2 3 4 5 |  5.6
Stealth        | 1 2 3 |  3.0
Invocations    | 1 |  1.4
Evocations     | |  0.1

Action                   |  1- 3 |  4- 6 |  7- 9 | 10-12 || total
-------------------------+-------+-------+-------+-------++-------
Melee: Long sword        |    83 |   114 |   281 |   137 ||   615
       Headbutt          |    14 |    25 |    86 |    77 ||   202
       Scimitar          |       |       |       |   148 ||   148
       Demon blade       |       |       |       |    10 ||    10
Invok: Heroism           |       |       |     3 |    11 ||    14
Evoke: Wand              |       |       |       |     1 ||     1
  Use: Scroll            |       |       |    20 |     5 ||    25
       Potion            |       |       |     1 |     6 ||     7
 Stab: Sleeping          |       |     2 |     7 |       ||     9
  Eat: Chunk             |       |     7 |    13 |     6 ||    26
       Ration            |       |       |       |     2 ||     2
Armor: Scale mail        |     4 |       |       |       ||     4
       Acid dragon scale |    36 |    53 |    75 |     1 ||   165
       Chain mail        |       |       |     8 |     4 ||    12
       Plate armour      |       |       |       |    76 ||    76
Dodge: Dodged            |    38 |    36 |   147 |    80 ||   301
Block: Shield            |    43 |    65 |   248 |   181 ||   537
       Rpst.: Long sword |    13 |    11 |    35 |     3 ||    62
       Scimitar          |       |       |       |     9 ||     9
       Demon blade       |       |       |       |     1 ||     1

Table legend:
 A = Non-vault XP
 B = Vault XP
 C = Vault XP percentage of total XP
 D = Non-vault monster count
 E = Vault monster count
 F = Vault count percentage of total count
                 A         B        C        D         E       F
            +---------+---------+-------+---------+---------+-------
      Total |   10305 |   10401 |  50.2 |     186 |      99 |  34.7
            +---------+---------+-------+---------+---------+-------
        D:1 |      50 |      24 |  32.4 |      21 |       6 |  22.2
        D:2 |      21 |      50 |  70.4 |       8 |       6 |  42.9
        D:3 |      89 |       0 |   0.0 |      23 |       0 |   0.0
        D:4 |     420 |     164 |  28.1 |      11 |       1 |   8.3
        D:5 |     441 |     264 |  37.4 |      19 |       1 |   5.0
        D:6 |    1009 |      13 |   1.3 |      20 |       5 |  20.0
        D:7 |     778 |    1006 |  56.4 |      13 |       5 |  27.8
        D:8 |    1462 |    1357 |  48.1 |      24 |       4 |  14.3
        D:9 |    1592 |       0 |   0.0 |      15 |       0 |   0.0
       D:10 |    4443 |     992 |  18.3 |      32 |       1 |   3.0
      Sewer |       0 |      73 | 100.0 |       0 |      23 | 100.0
     Bailey |       0 |    4497 | 100.0 |       0 |      40 | 100.0
   Gauntlet |       0 |    1961 | 100.0 |       0 |       7 | 100.0
            +---------+---------+-------+---------+---------+-------
